 Dungeon Crawl Stone Soup version 0.30-a0-137-gd8773701ce (webtiles) character file.

Game seed: 5718737815052721019

120 Pilot the Digger (level 5, -7/28 HPs)
             Began as a Gargoyle Earth Elementalist on Sept 21, 2022.
             Mangled by an ogre
             ... wielding a +0 giant club
              (33 damage)
             ... on level 3 of the Dungeon.
             The game lasted 00:10:12 (2872 turns).

Pilot the Digger (Gargoyle Earth Elementalist)      Turns: 2872, Time: 00:10:13

Health: -7/28      AC:  6    Str: 12    XL:     5   Next: 4%
Magic:  7/9        EV: 12    Int: 17    God:
Gold:   130        SH:  0    Dex: 10    Spells: 8/9 levels left

rFire   . . .      SeeInvis .    (no weapon)
rCold   . . .      Faith    .    (no shield)
rNeg    + . .      Spirit   .    a - +0 robe
rPois   ∞          Reflect  .    (no helmet)
rElec   +          Harm     .    (no cloak)
rCorr   .          Rampage  .    (no gloves)
Will    +....                    (no boots)
Stlth   ++........               (no amulet)
HPRegen 0.09/turn                l - ring of willpower
MPRegen 0.11/turn                (no ring)

@: no status effects
A: sickness immunity, AC +4, negative energy resistance 1, electricity
resistance, torment resistance 1, petrification resistance
a: no special abilities


You were on level 3 of the Dungeon.
You visited 1 branch of the dungeon, and saw 3 of its levels.

You collected 130 gold pieces.

Inventory:

Missiles
 q - 10 stones
Armour
 a - a +0 robe (worn)
Magical Staves
 k - a staff of death
Jewellery
 l - a ring of willpower (left hand)
Scrolls
 d - a scroll of identify {unknown}
 g - 2 scrolls of fog {unknown}
 n - a scroll of poison {unknown}
 p - 2 scrolls of blinking {unknown}
Potions
 b - a potion of magic
 c - 2 potions of heal wounds {unknown}
 e - a potion of might {unknown}
 f - a potion of curing {unknown}
 h - a potion of attraction {unknown}
 i - a potion of berserk rage {unknown}
 j - a potion of degeneration {unknown}
 m - a potion of lignification {unknown}
 o - a potion of resistance {unknown}


   Skills:
 + Level 0.0 Throwing
 + Level 2.2 Dodging
 + Level 3.2 Stealth
 * Level 2.7 Spellcasting
 + Level 0.1 Necromancy
 + Level 1.7 Transmutations
 + Level 4.3 Earth Magic


You had 8 spell levels left.
You knew the following spells:

 Your Spells              Type           Power      Damage    Failure   Level
a - Sandblast             Erth           34%        2d9       3%          1

Your spell library contained the following spells:

 Spells                   Type           Power      Damage    Failure   Level
 Passwall                 Tmut/Erth      10%        N/A       8%          2
 Stone Arrow              Conj/Erth      18%        3d8       22%         3
 Petrify                  Tmut/Erth      12%        N/A       45%         4
 Gell's Gravitas          Tloc           2%         N/A       47%         3
 Teleport Other           Tloc           2%         N/A       47%         3
 Tukima's Dance           Hex            2%         N/A       47%         3
 Passage of Golubria      Tloc           2%         N/A       87%         4
 Yara's Violent Unravell  Hex/Tmut       2%         3d3       98%         5
 Dispersal                Tloc           1%         N/A       100%        6


Dungeon Overview and Level Annotations

Branches:
Dungeon (3/15)

Altars:
Qazlal

Annotations:
D:3 1 runed translucent door, TemplarDane's ghost, amateur HuFi


Innate Abilities, Weirdness & Mutations

You are immune to sickness and miasma.
Your stone body is resilient. (AC +4)
You are immune to poison.
You resist negative energy. (rN+)
You are resistant to electric shocks. (rElec)
You are resistant to unholy torment.
You are immune to petrification.


Message History

Throw: 11 stones
Press: ? - help, Shift-Dir - straight line, f - goblin
Aim: a goblin, wielding a +0 club (45% to hit)
You throw a stone. The stone misses the goblin.
The stone hits the goblin but does no damage.
The goblin hits you but does no damage. The goblin closely misses you.
Unknown command.
Throw: javelin
Press: ? - help, Shift-Dir - straight line, f/p - goblin
Aim: a goblin, wielding a +0 club (45% to hit)
You throw a javelin. The javelin pierces through the goblin!
You kill the goblin!
The javelin completely misses the goblin. x2
The goblin hits you but does no damage. The goblin hits you with a +0 dagger.
The goblin barely misses you.
Okay, then.
Casting: Sandblast (safe; 3% risk of failure)
Confirm with . or Enter, or press ? or * to list all spells.
Aiming: Sandblast (safe; 3% risk of failure)
Press: ? - help, Shift-Dir - straight line, f - goblin, p - goblin
Aim: a goblin, wielding a +0 dagger (77% to hit)
The blast of sand hits the goblin!
You kill the goblin!
The goblin completely misses you.
Casting: Sandblast (safe; 3% risk of failure)
Confirm with . or Enter, or press ? or * to list all spells.
Aiming: Sandblast (safe; 3% risk of failure)
Press: ? - help, Shift-Dir - straight line, f - goblin
Aim: a goblin, wielding a +0 club (77% to hit)
The blast of sand hits the goblin!
You kill the goblin!
The goblin hits you but does no damage. The goblin closely misses you.
The ogre attacks as you move away! The ogre closely misses you.
The goblin misses you.
Found a puce potion.
The goblin attacks as you move away! The goblin closely misses you.
The ogre attacks as you move away!
The ogre hits you with a +0 giant club!!
Ouch! That really hurt!
You die...

#......................
##..............##†##..
.!.............##.#...
#..........^......#...
#...............#.....
#.............#.#.....
#.#
#...............#.....
#.#
#.....................
#.#
#....@..........#.....
#.#
#...gO...............#
#####.#
##....................
#(.(#.#
##........#..#.......
#(..).#
#...................
#.##
##.#.....###..#......
###..#
##.........###........
#....###..#.......#
##.......
#.................#
#.......


You could see an ogre and a goblin.

Vanquished Creatures
  Jessica (D:2)
  4 adders
  2 dart slugs (D:2)
  An orc (D:3)
  An endoplasm (D:2)
  3 giant cockroaches
  8 goblins
  6 hobgoblins
  4 jackals
  6 quokkas
  4 ball pythons (D:1)
  4 bats
  3 kobolds
  A rat (D:3)
  A spectral hobgoblin (D:1)
49 creatures vanquished.

Notes
Turn   | Place    | Note
-------+----------+-------------------------------------------
     0 | D:1      | Pilot the Gargoyle Earth Elementalist began the quest for
                  | the Orb.
     0 | D:1      | Reached XP level 1. HP: 10/10 MP: 3/3
   783 | D:1      | Reached skill level 1 in Transmutations
   783 | D:1      | Reached XP level 2. HP: 15/15 MP: 3/5
   918 | D:1      | Found a faded altar of an unknown god.
  1699 | D:2      | Reached skill level 4 in Earth Magic
  1699 | D:2      | Reached XP level 3. HP: 18/19 MP: 2/6
  1795 | D:2      | Found a stormy altar of Qazlal.
  1816 | D:2      | Noticed Jessica
  1820 | D:2      | Killed Jessica
  1821 | D:2      | Reached XP level 4. HP: 24/24 MP: 5/7
  2587 | D:3      | Found a runed translucent door.
  2595 | D:3      | Noticed TemplarDane's ghost (amateur HuFi)
  2847 | D:3      | Noticed an ogre
  2852 | D:3      | Reached XP level 5. HP: 25/28 MP: 7/9
  2872 | D:3      | Mangled by an ogre

Illustrated notes

Levels and vault maps discovered:
D:1:      roderic_crossed_star, layout_loops_corners,
          dreamdust_ecumenical_altar_drowned_temple, minivault_23
D:2:      layout_loops_ring, basic_altar, minmay_misc_feat_rows,
          hangedman_abyss_or_decor_stabs, minmay_pentomino_q2, uniq_jessica
D:3:      layout_rooms, ebering_ghost_reflecting_pool, grunt_decor_arrowhead,
          minmay_ogre_servants

Skill      XL: |  1  2  3  4 |
---------------+-------------+-----
Transmutations | 1 |  1.7
Earth Magic    | 4 |  4.3
Dodging        | 2 |  2.2
Stealth        | 3 |  3.2
Spellcasting   | |  2.7
Necromancy     | |  0.1

Action                   |  1- 3 |  4- 6 || total
-------------------------+-------+-------++-------
Melee: Unarmed           |    56 |     2 ||    58
       Punch             |     1 |       ||     1
Throw: Javelin           |       |     4 ||     4
       Stone             |       |     1 ||     1
 Cast: Sandblast         |    35 |    39 ||    74
 Stab: Sleeping          |     1 |       ||     1
Armor: Robe              |    27 |    28 ||    55
Dodge: Dodged            |    59 |    46 ||   105

Table legend: (Time is in decaauts)
 A = Elapsed time spent in this place.
 B = Non-inter-level travel time spent in this place.
 C = Inter-level travel time spent in this place.
 D = Time resting spent in this place.
 E = Time spent auto-exploring this place.
 F = Levels seen in this place.
 G = Mean time per level.
                   A        B        C        D        E       F      G
               +--------+--------+--------+--------+--------+-----+--------+
         Total |   2916 |   2573 |    343 |      0 |   2133 |   3 |  972.0 |
       Dungeon |   2916 |   2573 |    343 |      0 |   2133 |   3 |  972.0 |
               +--------+--------+--------+--------+--------+-----+--------+

Top non-repeatable levels by time:
     D:1: 1656 daAuts
     D:2: 887 daAuts
     D:3: 372 daAuts
